Map: Nightscape LE

Players

Massa - Winner!

  • Race: Terran Terran
  • League: Platinum
  • Spawn Location: 1:00

qqq - Winner!

  • Race: Zerg Zerg
  • Spawn Location: 1:00

iti

  • Race: Terran Terran
  • League: Silver
  • Spawn Location: 7:00

pagan

  • Race: Zerg Zerg
  • League: Diamond
  • Spawn Location: 7:00

VOD

Have the link to the VOD?

Description

Time

  • Played on: Oct. 28, 2020, 3:12 p.m.
  • Length: 10:56
Show
View Real Time Build Order
Export as new Build Order

Massa Terran - Winner!

Build Orders: Reaper Expand 

Get SALT Encoding   

  12  0:01  SCV  
  13  0:13  SCV  
  14  0:22  Supply Depot  
  14  0:25  SCV  
  15  0:44  SCV  
  15  0:46  Refinery  
  15  0:48  Barracks  
  16  0:56  SCV  
  17  1:08  SCV  
  18  1:20  SCV  
  19  1:35  Reaper  
  19  1:36  Orbital Command  
  20  1:44  Command Center  
  20  2:04  SCV  
  20  2:07  Marine  
  22  2:19  Factory  
  22  2:26  Barracks Reactor  
  22  2:31  SCV  
  23  2:56  SCV  
  24  2:58  Supply Depot  
  24  3:00  Bunker  
  24  3:05  Marine x2  
  24  3:06  Hellion  
  24  3:09  Orbital Command, Barracks  
  28  3:14  Bunker  
  28  3:23  Marine x2  
  29  3:28  Hellion  
  29  3:35  SCV  
  29  3:36  SCV  
  30  3:48  SCV  
  31  3:49  Barracks, Marine x2  
  31  3:51  Barracks  
  33  4:07  Marine x2  
  35  4:13  SCV x2  
  36  4:25  SCV x2, Marine  
  37  4:34  Barracks Tech Lab, Marine  
  37  4:37  SCV  
  39  4:41  Barracks Reactor, Barracks Tech Lab  
  39  4:43  Marine  
  40  4:47  Supply Depot  
  40  4:52  Marine  
  41  5:00  Marine  
  41  5:01  Starport  
  42  5:10  Supply Depot  
  36  5:21  Marauder x2, Marine x3  
  36  5:22  Marine  
  40  5:32  Stimpack  
  40  5:33  Supply Depot  
  38  5:39  Marine x4  
  38  5:40  Factory Tech Lab  
  38  5:42  Marauder x2  
  46  5:48  SCV x2  
  48  5:52  Medivac  
  48  5:56  Supply Depot  
  50  5:57  Marine  
  50  6:00  Refinery, SCV  
  50  6:02  Refinery  
  50  6:04  Marauder  
  54  6:14  Refinery  
  54  6:15  Engineering Bay  
  54  6:19  Supply Depot  
  54  6:22  Marine  
  54  6:23  Marine x4  
  54  6:24  Marine  
  60  6:40  Marine x2  
  60  6:41  Marine x3, Supply Depot  
  60  6:42  Marine  
  60  6:46  Siege Tank  
  67  6:58  Marine x3  
  67  6:59  Marauder  
  72  7:03  Liberator  
  75  7:11  SCV x2  
  70  7:23  SCV x2  
  70  7:26  Marine x3  
  70  7:27  Marauder x2, Marine  
  80  7:37  Supply Depot x2  
  80  7:39  Supply Depot  
  71  7:59  Supply Depot  
  71  8:04  Supply Depot  
  70  8:20  SCV x2, Marine x4  
  70  8:26  Siege Tank  
  77  8:32  SCV x2  
  76  8:37  Liberator  
  79  8:45  SCV x2  
  81  8:57  SCV x2  
  81  8:58  Siege Tank  
  86  9:09  SCV x2  
  81  9:19  Liberator  
  84  9:43  Marauder  
  86  9:49  Supply Depot  
  86  9:52  Supply Depot x2  
  86  9:53  Supply Depot  
  86  9:54  Supply Depot  
  86  9:55  Supply Depot x2  
  86  9:57  Supply Depot x2  
  86  9:59  Supply Depot  
  86  10:11  Marauder x2, Marine x4  
  94  10:15  Missile Turret, Supply Depot  
  92  10:22  Missile Turret  
  92  10:24  Missile Turret  
  90  10:29  Marine x4  
  90  10:33  Marauder x2  
Show
View Real Time Build Order
Export as new Build Order

qqq Zerg - Winner!

Build Orders: Hatch First, Zergling Baneling 

Get SALT Encoding   

  12  0:00  Drone  
  13  0:08  Drone  
  14  0:36  Hatchery  
  14  0:42  Drone  
  14  0:55  Spawning Pool  
  13  0:59  Drone  
  14  1:05  Overlord  
  14  1:12  Extractor  
  14  1:13  Drone  
  14  1:33  Drone x3  
  17  1:44  Drone  
  18  1:57  Drone  
  18  1:59  Queen  
  20  2:01  Queen  
  20  2:05  Drone  
  23  2:09  Drone  
  23  2:13  Drone  
  25  2:20  Metabolic Boost  
  25  2:26  Zergling x2  
  25  2:28  Drone  
  27  2:30  Drone  
  28  2:44  Overlord x2  
  28  2:50  Baneling Nest  
  28  2:51  Drone  
  28  3:02  Zergling x6  
  28  3:04  Zergling x2  
  32  3:07  Zergling x2  
  32  3:09  Zergling x2  
  32  3:11  Zergling x2  
  35  3:14  Zergling x2  
  35  3:18  Zergling x2  
  38  3:27  Zergling x6  
  38  3:28  Zergling x2  
  39  3:40  Zergling x6  
  39  3:41  Zergling x4  
  43  3:48  Zergling x2  
  43  3:49  Overlord  
  38  4:00  Baneling x3  
  37  4:06  Zergling x2  
  37  4:07  Zergling x8  
  40  4:31  Zergling x10  
  40  4:32  Drone, Zergling x4  
  40  4:33  Drone  
  40  4:35  Lair  
  47  4:42  Baneling x5  
  47  4:43  Baneling  
  47  4:44  Baneling  
  47  4:47  Zergling x2  
  37  5:30  Drone  
  37  5:31  Drone x2  
  37  5:32  Zergling x6  
  43  5:36  Extractor  
  43  5:40  Baneling x5  
  42  5:44  Drone, Hatchery  
  40  6:00  Zergling x4  
  40  6:01  Zergling x2  
  43  6:13  Drone x3  
  43  6:15  Drone x4  
  50  6:21  Zergling x2  
  49  6:31  Zergling x2  
  50  6:33  Zergling x2  
  51  6:45  Zergling x2  
  52  6:57  Spire  
  51  7:11  Drone  
  51  7:12  Overlord x2  
  51  7:13  Overlord x3  
  52  7:19  Extractor  
  52  7:21  Extractor  
  50  7:23  Drone x2  
  50  7:29  Overlord  
  52  7:36  Drone x6  
  52  7:37  Drone x2, Evolution Chamber  
  54  7:55  Drone  
  54  7:57  Zergling x2  
  54  7:58  Zergling x6  
  50  8:06  Drone x4  
  54  8:19  Drone  
  55  8:21  Mutalisk  
  55  8:22  Mutalisk x4  
  55  8:27  Zerg Flyer Weapons Level 1  
  65  8:35  Mutalisk  
  65  8:36  Drone  
  65  8:37  Drone x2  
  65  8:39  Overlord  
  65  8:40  Hatchery  
  69  8:50  Hatchery  
  69  8:51  Mutalisk x2  
  69  8:52  Hatchery  
  69  8:53  Overlord  
  67  9:03  Mutalisk x2  
  71  9:15  Mutalisk  
  73  9:26  Mutalisk  
  75  9:35  Mutalisk  
  75  9:36  Zergling x8  
  75  9:37  Zergling x8  
  85  9:55  Mutalisk x2  
  77  10:29  Mutalisk x3  
  77  10:30  Mutalisk  
  77  10:31  Drone x4  
  77  10:32  Drone x4  
Show
View Real Time Build Order
Export as new Build Order

iti Terran 

Build Orders:  

Get SALT Encoding   

  12  0:02  SCV  
  13  0:15  Supply Depot  
  13  0:18  SCV  
  14  0:30  SCV  
  15  0:37  Barracks  
  15  0:43  SCV  
  15  0:49  Refinery  
  16  0:55  SCV  
  17  1:07  SCV  
  18  1:19  SCV  
  18  1:25  Marine  
  20  1:29  Barracks  
  20  1:34  Orbital Command  
  20  1:43  Marine  
  21  1:51  Supply Depot  
  21  2:00  Factory  
  21  2:02  SCV  
  21  2:06  Marine  
  23  2:14  SCV  
  24  2:16  Supply Depot  
  24  2:22  Marine  
  25  2:38  Marine  
  26  2:46  Marine  
  27  2:54  Factory Tech Lab  
  27  2:55  SCV, Command Center  
  27  2:56  Marine  
  29  3:04  Supply Depot  
  29  3:07  SCV  
  30  3:19  SCV  
  31  3:31  SCV  
  32  3:39  Siege Tank  
  29  3:50  SCV  
  30  3:55  Supply Depot  
  30  3:56  Marine x2  
  31  4:03  SCV  
  31  4:09  Refinery  
  32  4:13  Marine  
  32  4:14  Marine  
  32  4:15  SCV  
  35  4:26  Starport  
  35  4:27  SCV  
  35  4:30  Siege Tank  
  39  4:31  Marine  
  39  4:32  Marine  
  41  4:39  SCV  
  42  4:49  Marine  
  42  4:50  Barracks  
  42  4:51  SCV  
  44  5:00  Orbital Command  
  41  5:16  Marine x2  
  41  5:19  Siege Tank  
  46  5:34  Marine x2  
  48  5:36  SCV  
  48  5:38  SCV  
  50  5:45  Medivac  
  50  5:48  SCV, Command Center  
  53  5:50  SCV  
  53  5:51  Marine  
  53  5:54  Siege Tank  
  53  5:55  Marine  
  59  6:00  SCV  
  59  6:02  SCV  
  61  6:09  Marine  
  62  6:12  SCV  
  62  6:13  Marine  
  62  6:14  SCV  
  62  6:15  Medivac  
  67  6:24  SCV  
  68  6:26  SCV  
  68  6:27  Marine  
  70  6:41  Supply Depot  
  70  6:43  Supply Depot x2  
  70  6:46  Barracks Tech Lab  
  70  6:47  Supply Depot  
  70  6:58  Engineering Bay  
  70  6:59  SCV, Marine x2  
  73  7:01  Engineering Bay  
  73  7:05  SCV  
  73  7:07  Factory  
  74  7:10  Refinery  
  74  7:12  Refinery, SCV  
  75  7:17  SCV, Marine x2  
  77  7:24  SCV  
  77  7:29  SCV  
  76  7:35  Marine x2  
  76  7:36  SCV  
  78  7:48  SCV  
  59  7:53  Marine x2  
  56  8:10  Marine x2  
  48  8:36  Orbital Command  
  48  8:46  Marine x3  
  48  8:47  Siege Tank  
  54  8:50  Stimpack  
  48  9:03  Marine  
  48  9:04  Marine x2  
  47  9:10  SCV  
  45  9:21  SCV, Marine  
  45  9:22  SCV  
  48  9:33  SCV  
  48  9:34  SCV  
  51  9:45  SCV  
  51  9:46  SCV  
  52  9:57  SCV  
  52  9:58  SCV  
  49  10:09  SCV  
  49  10:11  SCV, Marine x3  
  46  10:22  SCV  
  46  10:23  SCV  
  39  10:29  Marine x3  
  39  10:35  SCV  
Show
View Real Time Build Order
Export as new Build Order

pagan Zerg 

Build Orders: Hatch First 

Get SALT Encoding   

  12  0:00  Drone  
  13  0:12  Overlord  
  13  0:19  Drone  
  14  0:31  Drone x2  
  14  0:35  Drone  
  17  0:54  Hatchery  
  16  1:07  Spawning Pool  
  16  1:08  Extractor  
  16  1:10  Drone  
  15  1:14  Drone  
  15  1:18  Drone  
  17  1:32  Drone  
  18  2:06  Queen x2  
  18  2:07  Zergling x2  
  18  2:08  Zergling x6  
  26  2:11  Metabolic Boost  
  26  2:17  Drone  
  27  2:24  Zergling x2  
  28  2:36  Overlord x2  
  28  2:45  Overlord x2  
  28  2:54  Zergling x4  
  30  3:06  Zergling x4  
  32  3:14  Zergling x4  
  34  3:31  Zergling x10  
  36  3:41  Zergling x6  
  35  3:44  Drone, Overlord  
  38  3:50  Roach Warren  
  35  4:06  Drone x3  
  35  4:07  Drone x2  
  40  4:23  Zergling x12  
  40  4:24  Zergling x2  
  35  4:32  Spine Crawler  
  35  4:35  Zergling x4  
  36  4:40  Zergling x2  
  36  4:45  Zergling x4  
  39  5:12  Drone x4  
  35  5:16  Drone x2  
  35  5:19  Lair  
  37  5:26  Drone, Queen  
  40  5:30  Roach  
  42  5:39  Roach x2  
  43  6:03  Zergling x2  
  48  6:04  Roach x3  
  48  6:10  Zergling x4  
  52  6:19  Queen  
  52  6:22  Extractor, Drone x2  
  52  6:25  Spire  
  54  6:33  Hatchery  
  54  6:36  Roach x2  
  57  6:46  Zergling x4  
  59  6:56  Overlord x2  
  59  6:57  Overlord  
  57  7:30  Roach x6  
  57  7:31  Roach x3  
  63  7:57  Drone x4  
  56  8:06  Drone x2  
  56  8:12  Hatchery  
  57  8:17  Ravager x3  
  60  8:23  Drone x2  
  60  8:24  Drone  
  60  8:25  Drone  
  64  8:37  Drone x2  
  66  8:45  Queen x2  
  66  8:47  Drone x2  
  72  9:06  Overseer  
  72  9:10  Mutalisk  
  72  9:13  Drone x3  
  72  9:15  Extractor  
  76  9:17  Extractor  
  76  9:21  Drone  
  76  9:22  Drone, Queen  
  76  9:24  Queen  
  79  9:29  Overlord  
  81  9:34  Overlord  
  81  9:37  Overlord x3  
  81  9:38  Overlord  
  81  9:42  Spore Crawler  
  80  9:48  Spore Crawler  
  80  9:49  Spore Crawler  
  77  9:55  Queen  
  75  10:10  Drone x4  
  75  10:11  Drone x5  
  75  10:12  Drone x3  
  83  10:21  Mutalisk  
  74  10:31  Roach x2  
  74  10:35  Drone x2  
Tags
 
Add a new tag
Caveats
  • Supply blocks, unpowered buildings, or Contaminate may cause inaccurate times.
  • Supply counts are checked every 10 seconds.